 Dungeon Crawl Stone Soup version 0.25.1-2-g60ff931df9 (webtiles) character file.

Game seed: 4860383165160724564

495 sublimestudio the Grasshopper (level 7, -2/56 HPs)
             Began as a Gnoll Warper on Nov 6, 2020.
             Was an Initiate of Ru.
             Slain by ciphuk's ghost (11 damage)
             ... on level 4 of the Dungeon.
             The game lasted 00:25:07 (5335 turns).

sublimestudio the Grasshopper (Gnoll Warper)        Turns: 5335, Time: 00:25:13

Health: -2/56      AC:  5    Str: 15    XL:     7   Next: 15%
Magic:  0/15       EV: 11    Int: 15    God:    Ru [......]
Gold:   176        SH:  8    Dex: 15    Spells: 17/17 levels left

rFire    . . .     SeeInvis .   t - +2 war axe (flame) {Power}
rCold    . . .     Gourm    .   C - +0 kite shield
rNeg     . . .     Faith    .   U - +0 leather armour (curse)
rPois    .         Spirit   +   (no helmet)
rElec    .         Reflect  .   (no cloak)
rCorr    +         Harm     .   (no gloves)
MR       .....                  z - +1 pair of boots
Stlth    ++........             s - amulet of guardian spirit
HPRegen  0.18/turn              u - ring of flight
MPRegen  0.14/turn              V - ring of resist corrosion

@: about to teleport, drained
A: distributed training, fangs 1, strong nose
a: Renounce Religion, Evoke Flight


You were on level 4 of the Dungeon.
You worshipped Ru.
Ru was noncommittal.
You were hungry.

You visited 1 branch of the dungeon, and saw 4 of its levels.

You collected 176 gold pieces.

Inventory:

Hand Weapons
 a - a +0 falchion
 g - a +0 dagger
 i - a +0 club
 k - a +0 club
 l - a +0 club
 m - a +0 hunting sling
 p - a +0 hunting sling
 t - a +2 war axe of flaming (weapon) {Power}
 v - a +0 dagger
 w - a +0 short sword
 F - a +0 halberd
 G - a +0 whip
 I - a +0 trident
 J - a +0 flail
 K - a +0 club
 M - a +0 whip of venom
 N - a +0 dagger
 Q - a +0 flail
 T - a +0 giant club
Missiles
 e - 5 boomerangs of dispersal (quivered)
Armour
 b - a +0 leather armour
 c - a +0 robe
 y - a +0 robe
 z - a +1 pair of boots (worn)
 A - a +0 naga barding
 C - a +0 kite shield (worn)
 E - a +0 tower shield
 H - a +0 chain mail
 O - a +0 ring mail
 P - a +0 leather armour
 R - a +0 robe
 U - a cursed +0 leather armour (worn)
Jewellery
 s - an amulet of guardian spirit (around neck)
 u - a ring of flight (left hand)
 x - an uncursed amulet of guardian spirit
 V - a ring of resist corrosion (right hand)
Scrolls
 d - 4 scrolls of blinking
 j - 3 scrolls of identify
 n - 3 scrolls of remove curse
 B - a scroll of fear {unknown}
 D - a scroll of enchant weapon {unknown}
 L - a scroll of fog {unknown}
Potions
 o - 2 potions of flight
 q - a potion of resistance {unknown}
 r - 2 potions of heal wounds {unknown}
 S - a potion of lignification {unknown}
 W - a potion of curing {unknown}
Comestibles
 f - 8 rations


   Skills:
 + Level 5.1(4.3) Fighting
 + Level 2.2(1.5) Short Blades
 + Level 5.1(4.3) Long Blades
 + Level 2.2(1.5) Axes
 + Level 2.2(1.5) Maces & Flails
 + Level 2.2(1.5) Polearms
 + Level 2.2(1.5) Staves
 + Level 2.2(1.5) Slings
 + Level 2.2(1.5) Bows
 + Level 2.2(1.5) Crossbows
 + Level 3.4(2.7) Throwing
 + Level 3.4(2.7) Armour
 + Level 5.1(4.3) Dodging
 + Level 2.2(1.5) Stealth
 + Level 2.2(1.5) Shields
 + Level 2.2(1.5) Unarmed Combat
 + Level 5.5(4.7) Spellcasting
 + Level 1.8(1.1) Conjurations
 + Level 1.8(1.1) Hexes
 + Level 1.8(1.1) Charms
 + Level 1.8(1.1) Summonings
 + Level 1.8(1.1) Necromancy
 + Level 5.7(5.0) Translocations
 + Level 1.8(1.1) Transmutations
 + Level 1.8(1.1) Fire Magic
 + Level 1.8(1.1) Ice Magic
 + Level 1.8(1.1) Air Magic
 + Level 1.8(1.1) Earth Magic
 + Level 1.8(1.1) Poison Magic
 + Level 2.5(1.8) Invocations
 + Level 2.2(1.5) Evocations


You had 17 spell levels left.
You didn't know any spells.
Your spell library contained the following spells:

 Spells                   Type           Power        Failure   Level  Hunger
 Blink                    Tloc           N/A          22%         2    ##.....
 Gell's Gravitas          Tloc           ###.......   41%         3    ###....
 Lesser Beckoning         Tloc           ###.......   41%         3    ###....
 Teleport Other           Tloc           ###.....     41%         3    ###....
 Shroud of Golubria       Chrm/Tloc      ##....       45%         2    ##.....
 Corona                   Hex            #......      58%         1    None
 Ensorcelled Hibernation  Hex/Ice        #.....       73%         2    ##.....
 Passage of Golubria      Tloc           N/A          83%         4    ####...
 Confusing Touch          Hex            #.......     91%         3    ###....
 Dazzling Flash           Conj/Hex       #.....       91%         3    ###....
 Tukima's Dance           Hex            #.......     91%         3    ###....


Dungeon Overview and Level Annotations

Branches:
Dungeon (4/15)
 Temple: D:4-7

Altars:
Ru

Annotations:
D:4 Exodus22XD's ghost, amateur DsGl; Johnny's ghost, novice DgEE; ciphuk's ghost, novice DDFi; denis1488's ghost, novice OpTm


Innate Abilities, Weirdness & Mutations

Your experience applies equally to all skills.
You have very sharp teeth.
Your uncanny sense of smell can sniff out nearby items.


Message History

Ciphuk's ghost whispers, "Meet the emptiness of death!"
You block ciphuk's ghost's attack.
You miss denis1488's ghost.
Denis1488's ghost is severely damaged.
You hit Johnny's ghost but do no damage.
You barely miss ciphuk's ghost.
You hit Exodus22XD's ghost but do no damage.
Denis1488's ghost hits you.
Johnny's ghost hits you but does no damage.
You feel drained. Ciphuk's ghost hits you!
You block Exodus22XD's ghost's attack. Denis1488's ghost hits you.
Johnny's ghost casts a spell at you. The blast of sand hits you.
You block ciphuk's ghost's attack.
As you read the scroll of teleportation, it crumbles to dust.
You feel strangely unstable. Exodus22XD's ghost hits you!
* * * LOW HITPOINT WARNING * * *
Denis1488's ghost hits you.
* * * LOW HITPOINT WARNING * * *
Johnny's ghost barely misses you. Ciphuk's ghost hits you!
You die...

............###
##########...
...........##)♣⌠♣?##
#...
..........##8.....8##
#...
..........#.....[...#
#...
(.........#[.......$#
#...
..........#8.......8#
####
#.#######.#........$#
##### .
#.####'WW##### #....
#####......W@W...#
###.###
#................#
###.....#
#.#######........#
#.....#.# #........#
#.#.###.# #........#
#.#......
#........####.#####.#
#.....<....##.....#.#
#........#.######.#..
##########.# #.###


You could see Exodus22XD's ghost, Johnny's ghost, ciphuk's ghost and denis1488's
ghost.

Vanquished Creatures
  An ogre (D:4)
  An orc wizard (D:3)
  An orc priest (D:3)
  A worker ant (D:4)
  Natasha (thrice) (D:3)
  A worker ant zombie (D:4)
  8 adders
  7 gnolls
  2 oozes (D:3)
  3 worms
  3 dart slugs
  3 leopard geckos
  6 orcs (D:3)
  3 giant cockroaches
  4 goblins
  10 hobgoblins
  3 jackals
  A quokka (D:2)
  2 ball pythons (D:1)
  6 bats
  4 frilled lizards
  7 kobolds
  12 rats
92 creatures vanquished.

Notes
Turn   | Place    | Note
-------+----------+-------------------------------------------
     0 | D:1      | sublimestudio the Gnoll Warper began the quest for the Orb.
     0 | D:1      | Reached XP level 1. HP: 20/20 MP: 6/6
   274 | D:1      | Reached XP level 2. HP: 26/26 MP: 7/7
   881 | D:2      | Reached skill level 5 in Spellcasting
   881 | D:2      | Reached XP level 3. HP: 20/31 MP: 7/9
  1352 | D:2      | Reached skill level 1 in Invocations
  1689 | D:2      | Reached skill level 1 in Short Blades
  1689 | D:2      | Reached skill level 1 in Axes
  1689 | D:2      | Reached skill level 1 in Maces & Flails
  1689 | D:2      | Reached skill level 1 in Polearms
  1689 | D:2      | Reached skill level 1 in Staves
  1689 | D:2      | Reached skill level 1 in Slings
  1689 | D:2      | Reached skill level 1 in Bows
  1689 | D:2      | Reached skill level 1 in Crossbows
  1689 | D:2      | Reached skill level 1 in Stealth
  1689 | D:2      | Reached skill level 1 in Shields
  1689 | D:2      | Reached skill level 1 in Unarmed Combat
  1689 | D:2      | Reached skill level 1 in Evocations
  1689 | D:2      | Reached XP level 4. HP: 37/38 MP: 6/11
  2558 | D:2      | Reached skill level 1 in Conjurations
  2558 | D:2      | Reached skill level 1 in Hexes
  2558 | D:2      | Reached skill level 1 in Charms
  2558 | D:2      | Reached skill level 1 in Summonings
  2558 | D:2      | Reached skill level 1 in Necromancy
  2558 | D:2      | Reached skill level 1 in Transmutations
  2558 | D:2      | Reached skill level 1 in Fire Magic
  2558 | D:2      | Reached skill level 1 in Ice Magic
  2558 | D:2      | Reached skill level 1 in Air Magic
  2558 | D:2      | Reached skill level 1 in Earth Magic
  2558 | D:2      | Reached skill level 1 in Poison Magic
  3253 | D:3      | Reached XP level 5. HP: 36/43 MP: 10/12
  3517 | D:3      | Found a sacrificial altar of Ru.
  3525 | D:3      | Became a worshipper of Ru the Awakened
  3610 | D:3      | Noticed Natasha
  3639 | D:3      | Killed Natasha
  3651 | D:3      | Noticed Natasha
  3667 | D:3      | Killed Natasha
  3968 | D:3      | Reached XP level 6. HP: 50/50 MP: 13/13
  4165 | D:3      | Noticed Natasha
  4181 | D:3      | Killed Natasha
  4181 | D:3      | Reached skill level 5 in Fighting
  4181 | D:3      | Reached skill level 5 in Long Blades
  4181 | D:3      | Reached skill level 5 in Dodging
  4738 | D:4      | Reached XP level 7. HP: 56/56 MP: 15/15
  4747 | D:4      | Found a runed translucent gate.
  4747 | D:4      | Found a runed translucent gate.
  4747 | D:4      | Found a runed translucent gate.
  4749 | D:4      | Noticed Exodus22XD's ghost (amateur DsGl)
  4749 | D:4      | Noticed Johnny's ghost (novice DgEE)
  4749 | D:4      | Noticed denis1488's ghost (novice OpTm)
  4749 | D:4      | Noticed ciphuk's ghost (novice DDFi)
  5335 | D:4      | Slain by ciphuk's ghost

Illustrated notes

Levels and vault maps discovered:
D:1:      tarquinn_simple_flora_water_b, layout_basic
D:2:      layout_basic, first_ration, minmay_pentomino_o2
D:3:      layout_rooms, nicolae_ru_path_of_blood, minmay_close_crescents,
          uniq_natasha
D:4:      layout_basic, serial_shops, nicolae_shop_stone,
          gammafunk_ghost_cemetery

Skill      XL: |  1  2  3  4  5  6 |
---------------+-------------------+-----
Spellcasting   | 5 |  5.5
Invocations    | 1 2 |  2.5
Short Blades   | 1 2 |  2.2
Axes           | 1 2 |  2.2
Maces & Flails | 1 2 |  2.2
Polearms       | 1 2 |  2.2
Staves         | 1 2 |  2.2
Slings         | 1 2 |  2.2
Bows           | 1 2 |  2.2
Crossbows      | 1 2 |  2.2
Stealth        | 1 2 |  2.2
Shields        | 1 2 |  2.2
Unarmed Combat | 1 2 |  2.2
Evocations     | 1 2 |  2.2
Conjurations   | 1 |  1.8
Hexes          | 1 |  1.8
Charms         | 1 |  1.8
Summonings     | 1 |  1.8
Necromancy     | 1 |  1.8
Transmutations | 1 |  1.8
Fire Magic     | 1 |  1.8
Ice Magic      | 1 |  1.8
Air Magic      | 1 |  1.8
Earth Magic    | 1 |  1.8
Poison Magic   | 1 |  1.8
Throwing       | 3 |  3.4
Armour         | 3 |  3.4
Fighting       | 5 |  5.1
Long Blades    | 5 |  5.1
Dodging        | 5 |  5.1
Translocations | |  5.7

Action                   |  1- 3 |  4- 6 |  7- 9 || total
-------------------------+-------+-------+-------++-------
Melee: Falchion          |    77 |       |       ||    77
       Bite              |     9 |    18 |     2 ||    29
       War axe           |     8 |   188 |    27 ||   223
  Use: Scroll            |       |     3 |     2 ||     5
       Potion            |       |       |     2 ||     2
 Stab: Sleeping          |       |     1 |       ||     1
  Eat: Ration            |     1 |     3 |       ||     4
Armor: Leather armour    |    13 |    11 |    10 ||    34
       Chain mail        |       |   156 |       ||   156
Dodge: Dodged            |    83 |    75 |    44 ||   202
Block: Kite shield       |       |    94 |    31 ||   125
       Rpst.: Falchion   |    25 |       |       ||    25
